AoeStats
← Ndrangheta

Arabian Desert

510399260Analyzed
1v1 RM · 2d ago on Sep 30, 2026· 31m 54s· 2 players
Game mode
Random Map
Map size
Tiny (2 player)
Population
200
Speed
Normal
Resources
Standard
Victory
Conquest
Starting age
Dark Age
Ending age
Imperial Age
RankedLock teamsTeams togetherTeam positionsShared explorationLock speedFull tech treeHidden civsTurbo modeCheats
Victory
Defeat
🇺🇸 Saxons · United States
1412
+18
🇦🇷 Varangians · Argentina
1449
-18
Kreos
7:00 Loom
9:50 Feudal Age
11:35 Double-Bit Axe
11:31 Horse Collar
14:26 Fletching
16:14 Padded Archer Armor
24:49 Castle Age
25:33 Scale Mail Armor
25:31 Bodkin Arrow
25:00 Crossbowman
26:00 Heavy Plow
26:11 Bow Saw
27:45 Squires
27:31 Gambesons
30:08 Forging
29:58 Scale Mail Armor
30:15 Leather Archer Armor
30:21 Town Watch
Ndrangheta
5:21 Loom
10:19 Feudal Age
10:22 Man-at-Arms
14:34 Double-Bit Axe
14:54 Fletching
17:30 Padded Archer Armor
24:39 Castle Age
25:31 Scale Barding Armor
25:53 Bow Saw
26:36 Bloodlines
26:26 Husbandry
26:51 Chain Barding Armor
Connection lost

Rejoining the realm…

Still unreachable

The connection could not be restored.

Session expired

The server has moved on; the page needs a fresh start.